Map: Jagannatha LE

Players

ShaDoWn

  • Race: Protoss Protoss

AGOElazer (Elazer) - Winner!

  • Race: Zerg Zerg
  • League: Grandmaster

Event: DreamHack SC2 Masters 2021 Summer

VOD

Have the link to the VOD?

Description

Time

  • Played on: May 22, 2021, 12:22 p.m.
  • Length: 14:21

All games in this series

Show
View Real Time Build Order
Export as new Build Order

ShaDoWn Protoss 

Build Orders: 1 Gate Expand, Oracle Opening, Carriers 

Get SALT Encoding   

  12  0:00  Probe  
  13  0:12  Probe  
  14  0:20  Pylon  
  14  0:24  Probe  
  15  0:38  Probe (Chrono Boost)  
  15  0:42  Gateway  
  17  0:50  Probe (Chrono Boost)  
  17  0:52  Assimilator  
  17  0:55  Probe (Chrono Boost)  
  18  1:04  Probe  
  19  1:17  Probe  
  20  1:28  Nexus  
  20  1:38  Cybernetics Core  
  20  1:42  Probe  
  21  1:47  Assimilator  
  21  1:55  Probe  
  21  1:57  Pylon  
  22  2:07  Probe  
  23  2:12  Adept (Chrono Boost)  
  25  2:19  Probe  
  25  2:20  Stargate  
  26  2:27  Warp Gate  
  26  2:32  Probe (Chrono Boost), Adept (Chrono Boost)  
  29  2:40  Probe (Chrono Boost)  
  31  2:49  Probe x2 (Chrono Boost)  
  32  2:55  Probe, Adept  
  32  2:57  Probe  
  35  3:01  Oracle (Chrono Boost)  
  39  3:07  Probe  
  39  3:09  Probe  
  39  3:12  Pylon  
  41  3:19  Probe  
  42  3:21  Probe  
  43  3:31  Probe  
  43  3:32  Oracle  
  43  3:33  Probe  
  48  3:40  Gateway  
  48  3:43  Probe  
  48  3:46  Probe  
  48  3:55  Probe  
  48  3:58  Probe  
  48  4:00  Pylon  
  50  4:03  Nexus  
  50  4:08  Probe  
  51  4:10  Probe (Chrono Boost)  
  51  4:11  Assimilator  
  51  4:13  Assimilator  
  52  4:18  Oracle  
  52  4:22  Probe (Chrono Boost)  
  57  4:25  Probe (Chrono Boost)  
  57  4:27  Twilight Council  
  57  4:29  Forge  
  57  4:31  Probe (Chrono Boost)  
  58  4:33  Probe (Chrono Boost)  
  58  4:37  Probe  
  59  4:40  Pylon  
  59  4:44  Probe  
  61  4:47  Pylon  
  61  4:49  Probe  
  62  4:56  Gateway  
  62  4:57  Gateway  
  62  4:58  Probe  
  62  4:59  Adept  
  65  5:01  Adept  
  65  5:02  Probe  
  68  5:07  Protoss Ground Weapons Level 1 (Chrono Boost)  
  68  5:10  Probe  
  68  5:12  Blink  
  69  5:18  Probe  
  67  5:21  Probe  
  67  5:23  Sentry x2  
  67  5:25  Probe  
  70  5:30  Probe  
  70  5:33  Probe  
  69  5:37  Probe  
  71  5:43  Probe (Chrono Boost)  
  71  5:45  Probe (Chrono Boost)  
  71  5:46  Sentry x2  
  71  5:50  Probe (Chrono Boost)  
  71  5:51  Gateway  
  71  5:52  Gateway  
  71  5:55  Probe (Chrono Boost)  
  73  5:57  Probe (Chrono Boost), Assimilator  
  73  5:58  Assimilator  
  73  6:01  Probe (Chrono Boost)  
  73  6:03  Probe (Chrono Boost), Adept x2  
  80  6:04  Probe (Chrono Boost)  
  80  6:06  Probe (Chrono Boost)  
  80  6:09  Probe, Pylon  
  82  6:12  Probe  
  82  6:15  Probe  
  84  6:21  Probe  
  84  6:23  Pylon, Robotics Facility  
  84  6:24  Stalker x3  
  91  6:36  Shield Battery  
  91  6:45  Stalker  
  93  6:48  Photon Cannon  
  93  6:49  Nexus  
  93  6:50  Stalker x4  
  101  6:54  Pylon  
  101  7:01  Warp Prism (Chrono Boost)  
  97  7:17  Protoss Ground Weapons Level 2 (Chrono Boost)  
  97  7:19  Charge  
  97  7:21  Robotics Bay  
  97  7:22  Probe  
  98  7:24  Robotics Facility  
  98  7:25  Observer (Chrono Boost)  
  98  7:26  Probe  
  98  7:27  Stalker x3  
  106  7:30  Probe  
  106  7:31  Stalker  
  106  7:35  Photon Cannon  
  106  7:36  Probe  
  109  7:43  Pylon  
  109  7:45  Pylon  
  109  7:46  Pylon  
  109  7:47  Pylon  
  109  7:48  Pylon  
  109  7:49  Pylon  
  109  7:51  Nexus  
  109  8:03  Probe  
  109  8:05  Disruptor (Chrono Boost)  
  112  8:09  Probe  
  112  8:10  Disruptor (Chrono Boost)  
  117  8:13  Probe  
  117  8:15  Stalker x3  
  117  8:16  Stalker  
  117  8:18  Probe  
  127  8:22  Assimilator  
  127  8:24  Assimilator  
  127  8:28  Shield Battery  
  127  8:30  Probe  
  127  8:32  Photon Cannon  
  127  8:33  Disruptor  
  131  8:35  Photon Cannon  
  131  8:36  Photon Cannon  
  131  8:37  Disruptor  
  131  8:38  Zealot x2  
  131  8:40  Probe  
  131  8:41  Stalker x4  
  138  8:52  Probe  
  132  9:11  Stalker x4  
  132  9:12  Stargate x2, Stalker  
  132  9:13  Fleet Beacon  
  132  9:16  Shield Battery  
  142  9:19  Photon Cannon  
  142  9:25  Probe x2  
  140  9:35  Templar Archives  
  140  9:38  Probe  
  139  9:40  Probe x3  
  139  9:41  Photon Cannon  
  139  9:45  Photon Cannon  
  142  9:47  Shield Battery  
  142  9:54  Probe  
  142  9:57  Photon Cannon  
  142  9:58  Photon Cannon, Protoss Ground Weapons Level 3 (Chrono Boost)  
  142  9:59  Carrier (Chrono Boost)  
  143  10:01  Carrier (Chrono Boost)  
  143  10:07  Protoss Air Weapons Level 1 (Chrono Boost)  
  155  10:08  Probe  
  155  10:09  Probe  
  157  10:23  Disruptor x2 (Chrono Boost), Pylon  
  157  10:24  Pylon  
  157  10:26  Pylon  
  163  10:31  Pylon  
  163  10:33  Pylon  
  163  10:35  Pylon  
  163  10:52  High Templar x2  
  157  11:04  Tempest x2 (Chrono Boost)  
  157  11:05  Tempest (Chrono Boost)  
  157  11:10  Zealot x3  
  157  11:11  Zealot  
  148  11:19  Probe  
  148  11:20  Archon  
  139  11:28  Probe  
  139  11:32  Probe  
  134  11:42  Zealot x2  
  134  11:43  Zealot x4  
  134  11:44  Carrier x2 (Chrono Boost)  
  158  11:50  Probe  
  158  11:54  Probe  
  158  12:04  Nexus  
  158  12:10  Carrier, Nexus  
  158  12:11  Protoss Air Weapons Level 2 (Chrono Boost)  
  162  12:19  Pylon  
  162  12:26  Zealot x2  
  164  12:35  Zealot x4  
  159  12:42  Carrier  
  163  12:53  Probe  
  163  12:56  High Templar x4  
  169  13:02  Oracle  
  168  13:18  Probe, Shield Battery  
  169  13:20  High Templar  
  169  13:23  Photon Cannon  
  171  13:29  Photon Cannon  
  171  13:33  Zealot x5  
  110  14:05  Zealot x2  
  110  14:06  Zealot x4  
  110  14:08  Archon  
Show
View Real Time Build Order
Export as new Build Order

AGOElazer Zerg - Winner!

Build Orders: Hatch First, Lurkers 

Get SALT Encoding   

  12  0:00  Drone  
  13  0:12  Overlord  
  13  0:17  Drone  
  14  0:30  Drone x2  
  16  0:41  Drone  
  17  0:51  Hatchery  
  17  0:54  Drone  
  17  0:58  Drone  
  18  1:08  Extractor  
  17  1:13  Spawning Pool  
  17  1:16  Drone  
  17  1:19  Drone  
  18  1:27  Drone  
  19  1:38  Drone  
  20  1:52  Overlord  
  20  2:00  Queen  
  22  2:03  Drone, Queen  
  22  2:04  Zergling x2  
  26  2:11  Metabolic Boost, Zergling x2  
  26  2:14  Drone  
  28  2:21  Drone  
  29  2:24  Drone  
  30  2:31  Drone  
  30  2:35  Drone  
  32  2:39  Hatchery  
  31  2:45  Queen  
  31  2:50  Overlord  
  33  2:55  Drone  
  34  2:58  Zergling x2  
  34  2:59  Zergling x2  
  36  3:06  Overlord  
  36  3:09  Drone x3  
  36  3:11  Drone  
  40  3:18  Drone x3  
  43  3:27  Drone x2  
  43  3:28  Drone  
  43  3:32  Queen  
  46  3:36  Spore Crawler  
  46  3:39  Drone  
  46  3:42  Overlord  
  46  3:45  Drone x4  
  49  3:53  Drone  
  49  3:54  Queen  
  52  3:56  Drone x2  
  52  3:58  Spore Crawler  
  55  4:02  Drone x2  
  55  4:06  Overlord  
  55  4:07  Drone  
  55  4:09  Drone  
  57  4:13  Drone x2  
  59  4:18  Overlord  
  59  4:22  Drone x4  
  63  4:25  Spore Crawler  
  63  4:26  Overlord  
  63  4:30  Zergling x4  
  64  4:31  Queen  
  64  4:35  Extractor  
  63  4:40  Roach Warren  
  63  4:41  Drone  
  63  4:42  Drone x4  
  67  4:46  Drone  
  67  4:50  Drone  
  67  4:51  Overlord  
  69  4:58  Drone x5  
  74  5:04  Drone, Lair  
  74  5:05  Drone x4  
  79  5:11  Hatchery  
  78  5:14  Zergling x2  
  78  5:15  Zergling x6  
  78  5:19  Overlord  
  81  5:26  Overlord  
  81  5:31  Overlord  
  81  5:35  Drone x11  
  90  5:39  Drone  
  89  5:46  Extractor  
  89  5:47  Drone x2, Extractor  
  89  5:48  Drone  
  89  5:54  Extractor  
  89  5:55  Overlord  
  88  5:57  Zergling x2  
  88  5:58  Zergling x6  
  88  5:59  Extractor  
  88  6:02  Glial Reconstitution  
  88  6:03  Infestation Pit  
  90  6:05  Evolution Chamber, Overlord  
  90  6:09  Drone x3  
  92  6:13  Drone x2  
  94  6:18  Overlord  
  94  6:19  Roach x3  
  94  6:24  Roach x5  
  109  6:33  Overlord  
  109  6:34  Roach x8  
  109  6:39  Zerg Missile Weapons Level 1  
  125  6:40  Hive  
  125  6:44  Overlord  
  125  6:47  Drone x3, Ravager x2  
  125  6:50  Extractor x2  
  125  6:53  Drone  
  129  6:54  Hydralisk Den  
  129  6:55  Drone x6  
  129  6:59  Overlord  
  129  7:01  Drone x4  
  138  7:03  Overlord  
  138  7:09  Overseer  
  138  7:10  Overlord  
  138  7:12  Drone x2  
  138  7:13  Overlord  
  139  7:19  Roach x6  
  151  7:23  Overlord  
  151  7:28  Drone, Lurker Den  
  151  7:29  Drone  
  152  7:33  Pneumatized Carapace  
  152  7:34  Overlord  
  152  7:36  Roach  
  152  7:37  Roach x3  
  160  7:43  Roach x6  
  172  7:45  Ravager x4  
  175  7:52  Roach x6  
  185  7:59  Roach x3  
  191  8:07  Drone x2  
  191  8:09  Spine Crawler  
  191  8:13  Overseer  
  191  8:16  Hatchery, Drone  
  191  8:17  Spine Crawler  
  191  8:19  Hydralisk  
  192  8:21  Overlord  
  192  8:25  Overlord  
  192  8:26  Seismic Spines, Overlord  
  192  8:27  Overlord  
  192  8:33  Zerg Missile Weapons Level 2  
  190  8:44  Hydralisk x4  
  190  8:45  Hydralisk  
  194  9:02  Viper x3  
  191  9:03  Hydralisk  
  191  9:04  Hydralisk  
  189  9:17  Evolution Chamber  
  189  9:19  Hatchery  
  189  9:21  Lurker  
  189  9:22  Lurker x3  
  189  9:23  Adaptive Talons  
  187  9:29  Drone x3  
  180  9:32  Spine Crawler x2  
  180  9:34  Lurker x2  
  180  9:35  Extractor, Zergling x18  
  178  9:39  Extractor  
  178  9:40  Overseer  
  178  9:44  Hydralisk, Lurker  
  178  9:45  Lurker  
  181  9:46  Zergling x32  
  181  9:49  Zerg Melee Weapons Level 1  
  197  10:04  Grooved Spines  
  197  10:15  Spore Crawler  
  197  10:16  Baneling Nest  
  194  10:22  Overseer x2  
  194  10:31  Hydralisk x3  
  194  10:35  Adrenal Glands  
  200  10:37  Spire  
  188  10:59  Hydralisk x6  
  196  11:06  Zergling x12  
  196  11:15  Muscular Augments  
  190  11:23  Hydralisk  
  190  11:24  Zergling x50  
  199  11:28  Zerg Ground Armor Level 1  
  191  11:34  Hydralisk  
  191  11:35  Zergling x8  
  195  11:44  Zergling x16  
  179  11:56  Zerg Melee Weapons Level 2  
  176  12:04  Zerg Flyer Armor Level 1  
  176  12:06  Corruptor x10  
  176  12:07  Spire  
  193  12:11  Corruptor  
  193  12:12  Corruptor x2  
  193  12:15  Overlord  
  195  12:31  Corruptor x4  
  184  12:41  Lurker x7  
  172  12:45  Zergling x2  
  172  12:46  Zergling x14  
  172  12:51  Drone x9  
  181  13:00  Hydralisk x4  
  189  13:11  Zergling x20  
  194  13:30  Zergling x10  
  194  13:31  Zergling x2  
  192  13:41  Zergling x2  
  192  13:42  Zergling x12  
  194  13:48  Zergling x14  
  197  14:00  Zergling x2  
  197  14:01  Zergling x16  
Tags
 
Add a new tag
Caveats
  • Supply blocks, unpowered buildings, or Contaminate may cause inaccurate times.
  • Supply counts are checked every 10 seconds.